 Dungeon Crawl Stone Soup version 0.18-a0-316-gf882de5 (webtiles) character file.

175 kosy22 the Covered (level 5, 0/47 HPs)
             Began as a Minotaur Fighter on Nov 27, 2015.
             Killed by divine providence
             ... invoked by an orc priest
              (9 damage)
             ... on level 3 of the Dungeon.
             The game lasted 00:03:31 (2125 turns).

kosy22 the Covered (Minotaur Fighter)               Turns: 2125, Time: 00:03:31

Health: 0/47       AC: 13    Str: 21    XL:     5   Next: 29%
Magic:  4/4        EV:  4    Int:  5    God:
Gold:   97         SH:  9    Dex: 10    Spells: 0 memorised, 4 levels left

rFire  . . .     SeeInvis .     a - +0 war axe
rCold  . . .     Clarity  .     j - +0 plate armour
rNeg   . . .     SustAt   .     c - +0 shield
rPois  .         Gourm    .     (helmet restricted)
rElec  .         Spirit   .     g - +0 cloak
rCorr  .         Warding  .     (no gloves)
rMut   .         Stasis   .     (no boots)
MR     .....                    (no amulet)
Stlth  ..........               (no ring)
                                (no ring)

@: lethally poisoned (0 -> -1), not resistant to hostile enchantments, extremely
unstealthy
A: retaliatory headbutt, horns 2
a: no special abilities


You were on level 3 of the Dungeon.
You were not hungry.

You visited 1 branch of the dungeon, and saw 3 of its levels.

You collected 97 gold pieces.

Inventory:

Hand Weapons
 a - a +0 war axe (weapon)
Armour
 b - a +0 scale mail
 c - a +0 shield (worn)
 g - a +0 cloak (worn)
 j - a +0 plate armour (worn)
Scrolls
 h - 3 scrolls of teleportation {unknown}
 i - 3 scrolls of remove curse {unknown}
 k - a scroll of enchant weapon {unknown}
 l - a scroll of amnesia {unknown}
 p - 3 scrolls of identify {unknown}
 r - a scroll of immolation {unknown}
 u - a scroll of recharging {unknown}
Potions
 d - a potion of might
 f - a potion of lignification {unknown}
 m - a potion of brilliance {unknown}
 s - a potion of ambrosia {unknown}
Comestibles
 e - 3 bread rations
 n - 2 meat rations
 o - a slice of pizza
 q - 8 fruits
 t - a beef jerky


   Skills:
 + Level 4.5 Fighting
 + Level 3.7 Axes
 + Level 5.0 Armour
 + Level 0.9 Dodging
 + Level 4.7 Shields


You had 4 spell levels left.
You didn't know any spells.

Dungeon Overview and Level Annotations

Branches:
Dungeon (3/15)

Altars:


Innate Abilities, Weirdness & Mutations

You reflexively headbutt those who attack you in melee.
You have a pair of horns on your head.


Message History

You feel sick. The orc wizard casts a spell at you. The magic dart hits you!
* * * LOW HITPOINT WARNING * * *
The orc priest miscasts a cantrip.
You feel sick. You block the orc wizard's attack.
The orc wizard gestures wildly while chanting.
The orc wizard blinks!
You feel sick.
The orc wizard gestures wildly while chanting.
The orc wizard blinks!
The orc priest miscasts a cantrip.
You feel sick.
You feel sick. The orc hits you but does no damage.
The orc wizard mumbles some strange words.
The orc wizard blinks!
You feel sick.
The orc priest calls down the wrath of Beogh upon you.
Something smites you!
You die...

..............
.....)[....... #..
....§..# #.. .......#
#.. ......o# #.#
.......# #.# .......#
#.# .......# #.#
.......#########@##..##
.........o.o.o..........
........§..((o...###.##.
.......#...).........
.......#.############
.......#.# .......#.#
.......#.# .. .#
.......#.# #.#.#


You could see an orc priest and 3 orcs.

Vanquished Creatures
  An orc priest (D:3)
  Natasha (D:3)
  2 gnolls (D:3)
  4 adders
  3 worms
  6 orcs (D:3)
  6 bats
  4 giant cockroaches
  2 goblins (D:1)
  9 hobgoblins
  3 giant newts
  5 kobolds
  5 rats
51 creatures vanquished.

Notes
Turn   | Place    | Note
--------------------------------------------------------------
     0 | D:1      | kosy22 the Minotaur Fighter began the quest for the Orb.
     0 | D:1      | Reached XP level 1. HP: 19/19 MP: 0/0
   197 | D:1      | Reached XP level 2. HP: 24/27 MP: 1/1
   331 | D:1      | Reached skill level 4 in Armour
  1173 | D:2      | Reached XP level 3. HP: 30/33 MP: 2/2
  1591 | D:2      | Reached XP level 4. HP: 23/40 MP: 3/3
  1869 | D:3      | Noticed Natasha
  1879 | D:3      | Killed Natasha
  1879 | D:3      | Reached XP level 5. HP: 29/47 MP: 4/4
  1891 | D:3      | Reached skill level 5 in Armour
  2125 | D:3      | Killed from afar by an orc priest

Vault maps used:
D:1:      dpeg_arrival_three_smaller_balls
D:2:      eino_tiny_chamber
D:3:      first_bread, uniq_natasha

Action                   |  1- 3 |  4- 6 || total
-------------------------+-------+-------++-------
Melee: War axe           |    93 |    42 ||   135
  Eat: Bread ration      |     1 |       ||     1
